[ AOE2 MATCH · #471983760 ]
UnrankedKhmer vs Teutons
[ REPLAY ANALYSIS · EXTRACTED FROM THE RECORDED GAME ]
Feudal
—
Castle
—
Imperial
—
| APM avg | 7.4 |
| APM peak | 25 |
| eAPM avg | 6.5 |
| Villagers / military | 53 / 0 |
Focus
⚔️ 1.1% · 🌾 98.9%
Trade Cart ×2
Feudal
—
Castle
—
Imperial
—
| APM avg | 24.3 |
| APM peak | 80 |
| eAPM avg | 24.0 |
| Villagers / military | 96 / 0 |
Focus
⚔️ 2.6% · 🌾 97.4%
Feudal
—
Castle
—
Imperial
—
| APM avg | 27.8 |
| APM peak | 141 |
| eAPM avg | 27.5 |
| Villagers / military | 111 / 0 |
Focus
⚔️ 0.1% · 🌾 99.9%
Trade Cart ×16
Feudal
—
Castle
—
Imperial
—
| APM avg | 25.4 |
| APM peak | 48 |
| eAPM avg | 22.4 |
| Villagers / military | 208 / 0 |
Focus
⚔️ 12.2% · 🌾 87.8%
Trade Cart ×2
Feudal
—
Castle
—
Imperial
—
| APM avg | 7.6 |
| APM peak | 21 |
| eAPM avg | 6.7 |
| Villagers / military | 89 / 1 |
Focus
⚔️ 14.0% · 🌾 86.0%
Trade Cart ×11 · Monk ×1
Feudal
—
Castle
—
Imperial
—
| APM avg | 5.3 |
| APM peak | 20 |
| eAPM avg | 5.0 |
| Villagers / military | 74 / 0 |
Focus
⚔️ 18.0% · 🌾 82.0%
Trade Cart ×9
Match map
Initial resources + every placement click. Lines = walls · curves = elevation contours. ◆ gold · ⬟ stone · ● berries · ✦ relic · ◌ wall gap
Inputs per minute
— IsaacNewton - - AwW_yA_mE_AgAiN
Build order — IsaacNewton
137 actions detected in the replay
| 0:14 | Research | Loom |
| 0:18 | Research | Feudal Age |
| 0:59 | Build | House |
| 1:00 | Build | House |
| 1:01 | Build | House |
| 1:02 | Build | House |
| 1:03 | Build | House |
| 1:08 | Build | House |
| 1:09 | Build | House |
| 2:15 | Create | Villager (Male) |
| 2:15 | Create | Villager (Male) |
| 2:15 | Create | Villager (Male) |
| 2:16 | Create | Villager (Male) |
| 3:23 | Build | Lumber Camp |
| 3:44 | Build | Market |
| 3:55 | Create | Villager (Male) |
| 3:56 | Create | Villager (Male) |
| 4:25 | Research | Double-Bit Axe |
| 4:39 | Create | Villager (Male) |
| 4:39 | Create | Villager (Male) |
| 4:39 | Create | Villager (Male) |
| 5:51 | Build | Mill |
| 6:24 | Create | Villager (Male) |
| 6:24 | Create | Villager (Male) |
| 6:24 | Create | Villager (Male) |
| 6:39 | Build | House |
| 6:40 | Build | House |
| 6:51 | Build | Lumber Camp |
| 8:30 | Create | Villager (Male) |
| 8:40 | Create | Villager (Male) |
| 9:36 | Research | Wheelbarrow |
| 9:42 | Research | Horse Collar |
| 10:02 | Create | Trade Cart |
| 10:02 | Create | Trade Cart |
| 10:10 | Create | Villager (Male) |
| 10:28 | Create | Villager (Male) |
| 11:24 | Build | Mining Camp |
| 12:09 | Create | Villager (Male) |
| 12:09 | Create | Villager (Male) |
| 12:38 | Build | Farm |
| 12:39 | Build | Farm |
| 12:41 | Build | Farm |
| 12:56 | Create | Villager (Male) |
| 12:57 | Create | Villager (Male) |
| 13:09 | Create | Villager (Male) |
| 13:53 | Build | Mining Camp |
| 14:27 | Build | Mining Camp |
| 14:30 | Research | Castle Age |
| 15:00 | Build | Farm |
| 15:02 | Build | Farm |
| 15:20 | Build | Farm |
| 15:21 | Build | Farm |
| 15:22 | Build | Farm |
| 15:24 | Build | Farm |
| 15:25 | Build | Farm |
| 15:26 | Build | Farm |
| 15:30 | Create | Villager (Male) |
| 15:31 | Create | Villager (Male) |
| 15:31 | Create | Villager (Male) |
| 15:31 | Create | Villager (Male) |
| 15:53 | Research | Stone Mining |
| 16:33 | Build | House |
| 16:35 | Build | House |
| 16:37 | Build | House |
| 16:37 | Build | House |
| 16:38 | Build | House |
| 16:45 | Build | House |
| 16:46 | Build | House |
| 16:58 | Create | Villager (Male) |
| 16:59 | Create | Villager (Male) |
| 17:19 | Research | Bow Saw |
| 17:41 | Build | Town Center |
| 18:27 | Build | Farm |
| 19:06 | Build | Farm |
| 19:22 | Build | Farm |
| 19:25 | Build | Farm |
| 19:33 | Build | Farm |
| 19:37 | Create | Villager (Male) |
| 19:37 | Create | Villager (Male) |
| 19:38 | Create | Villager (Male) |
| 19:38 | Create | Villager (Male) |
| 20:19 | Create | Villager (Male) |
| 20:19 | Create | Villager (Male) |
| 20:35 | Build | Town Center |
| 21:12 | Create | Villager (Male) |
| 21:12 | Create | Villager (Male) |
| 21:13 | Create | Villager (Male) |
| 21:13 | Create | Villager (Male) |
| 21:13 | Create | Villager (Male) |
| 21:14 | Create | Villager (Male) |
| 21:14 | Create | Villager (Male) |
| 21:14 | Create | Villager (Male) |
| 21:24 | Build | Lumber Camp |
| 21:29 | Research | Hand Cart |
| 21:53 | Research | Stone Shaft Mining |
| 22:17 | Build | Lumber Camp |
| 22:38 | Create | Villager (Male) |
| 22:38 | Create | Villager (Male) |
| 22:39 | Create | Villager (Male) |
| 22:39 | Create | Villager (Male) |
| 22:39 | Create | Villager (Male) |
| 22:40 | Create | Villager (Male) |
| 22:40 | Create | Villager (Male) |
| 22:40 | Create | Villager (Male) |
| 22:50 | Build | Farm |
| 22:53 | Build | Farm |
| 22:55 | Build | Farm |
| 23:22 | Create | Villager (Male) |
| 23:22 | Create | Villager (Male) |
| 23:22 | Create | Villager (Male) |
| 23:23 | Create | Villager (Male) |
| 23:31 | Research | Gold Mining |
| 23:42 | Build | House |
| 23:45 | Build | House |
| 23:50 | Build | House |
| 23:55 | Build | Palisade Wall |
| 23:56 | Build | Palisade Wall |
| 24:00 | Build | Building 490 |
| 24:01 | Build | Building 490 |
| 24:09 | Build | House |
| 24:17 | Build | House |
| 24:18 | Build | House |
| 24:20 | Build | House |
| 24:27 | Build | House |
| 24:30 | Build | House |
| 24:31 | Build | House |
| 24:32 | Build | House |
| 24:34 | Build | House |
| 24:37 | Build | House |
| 24:38 | Build | House |
| 24:39 | Build | House |
| 24:41 | Build | House |
| 24:42 | Build | House |
| 24:44 | Build | House |
| 24:45 | Build | House |
| 24:46 | Build | House |
| 24:47 | Build | House |
Build order — AwW_yA_mE_AgAiN
First 150 of 241 actions detected
| 0:04 | Create | Villager (Male) ×10 |
| 0:17 | Build | House |
| 0:21 | Build | House |
| 0:22 | Build | House |
| 0:26 | Build | House |
| 1:28 | Build | Lumber Camp |
| 1:58 | Build | Mill |
| 2:43 | Build | Lumber Camp |
| 4:40 | Research | Feudal Age |
| 4:44 | Research | Loom |
| 4:46 | Create | Villager (Male) |
| 5:14 | Build | Mining Camp |
| 5:22 | Create | Villager (Male) |
| 5:54 | Build | Mining Camp |
| 6:11 | Create | Villager (Male) |
| 6:11 | Create | Villager (Male) |
| 6:13 | Create | Villager (Male) |
| 6:16 | Research | Loom |
| 7:03 | Research | Horse Collar |
| 7:15 | Build | House |
| 7:20 | Build | House |
| 7:21 | Build | House |
| 7:23 | Build | House |
| 7:25 | Build | House |
| 7:28 | Build | House |
| 7:30 | Build | House |
| 7:33 | Build | House |
| 7:44 | Create | Villager (Male) |
| 8:00 | Research | Double-Bit Axe |
| 9:08 | Create | Villager (Male) |
| 9:08 | Create | Villager (Male) |
| 9:09 | Create | Villager (Male) |
| 9:09 | Create | Villager (Male) |
| 9:11 | Create | Villager (Male) |
| 9:52 | Build | Market |
| 10:05 | Build | Blacksmith |
| 11:16 | Build | Farm |
| 11:17 | Build | Farm |
| 11:17 | Build | Farm |
| 11:17 | Build | Farm |
| 11:18 | Build | Farm |
| 11:25 | Build | Farm |
| 11:26 | Build | Farm |
| 11:26 | Build | Farm |
| 11:26 | Build | Farm |
| 11:26 | Build | Farm |
| 11:28 | Build | Farm |
| 11:45 | Build | Farm |
| 12:18 | Build | Barracks |
| 12:56 | Build | Farm |
| 12:56 | Build | Farm |
| 12:56 | Build | Farm |
| 12:56 | Build | Farm |
| 12:56 | Build | Farm |
| 12:56 | Build | Farm |
| 13:00 | Build | Farm |
| 13:00 | Build | Farm |
| 13:00 | Build | Farm |
| 13:00 | Build | Farm |
| 13:00 | Build | Farm |
| 13:00 | Build | Farm |
| 13:00 | Build | Farm |
| 13:00 | Build | Farm |
| 13:00 | Build | Farm |
| 13:00 | Build | Farm |
| 13:00 | Build | Farm |
| 13:04 | Build | Farm |
| 13:04 | Build | Farm |
| 13:04 | Build | Farm |
| 13:04 | Build | Farm |
| 13:04 | Build | Farm |
| 13:04 | Build | Farm |
| 13:04 | Build | Farm |
| 13:04 | Build | Farm |
| 13:04 | Build | Farm |
| 13:04 | Build | Farm |
| 13:04 | Build | Farm |
| 13:05 | Build | Farm |
| 13:05 | Build | Farm |
| 13:05 | Build | Farm |
| 13:05 | Build | Farm |
| 13:05 | Build | Farm |
| 13:05 | Build | Farm |
| 13:05 | Build | Farm |
| 13:05 | Build | Farm |
| 13:05 | Build | Farm |
| 13:05 | Build | Farm |
| 13:05 | Build | Farm |
| 13:15 | Research | Castle Age |
| 13:16 | Build | Farm |
| 13:16 | Build | Farm |
| 13:16 | Build | Farm |
| 13:16 | Build | Farm |
| 13:16 | Build | Farm |
| 13:16 | Build | Farm |
| 13:16 | Build | Farm |
| 13:16 | Build | Farm |
| 13:16 | Build | Farm |
| 13:16 | Build | Farm |
| 13:16 | Build | Farm |
| 13:17 | Create | Villager (Male) |
| 13:17 | Create | Villager (Male) |
| 13:18 | Create | Villager (Male) |
| 13:18 | Create | Villager (Male) |
| 13:19 | Create | Villager (Male) |
| 13:21 | Build | Farm |
| 13:21 | Build | Farm |
| 13:21 | Build | Farm |
| 13:21 | Build | Farm |
| 13:21 | Build | Farm |
| 13:21 | Build | Farm |
| 13:22 | Build | Farm |
| 13:22 | Build | Farm |
| 13:22 | Build | Farm |
| 14:08 | Build | Archery Range |
| 15:31 | Build | Stable |
| 16:03 | Build | Town Center |
| 16:39 | Build | University |
| 17:24 | Build | Monastery |
| 17:38 | Research | Heavy Plow |
| 17:48 | Create | Villager (Male) ×14 |
| 18:09 | Build | House |
| 18:13 | Build | House |
| 18:14 | Build | House |
| 18:16 | Build | House |
| 18:19 | Build | House |
| 18:21 | Build | House |
| 18:24 | Build | House |
| 18:26 | Build | House |
| 18:28 | Build | House |
| 18:30 | Build | House |
| 18:42 | Build | House |
| 18:51 | Research | Town Watch |
| 18:52 | Research | Town Watch |
| 19:28 | Research | Bow Saw |
| 19:39 | Create | Villager (Male) ×4 |
| 20:18 | Build | Farm |
| 20:20 | Build | Mining Camp |
| 20:52 | Create | Villager (Male) |
| 20:53 | Create | Villager (Male) |
| 20:55 | Build | Farm |
| 21:14 | Build | Mill |
| 21:30 | Build | Mining Camp |
| 21:44 | Build | Mining Camp |
| 21:59 | Build | Mining Camp |
| 22:17 | Research | Wheelbarrow |
| 22:19 | Create | Villager (Male) |
| 22:20 | Create | Villager (Male) ×9 |
| 22:23 | Build | Farm |
| 22:45 | Build | Siege Workshop |
Build order — Crazykaka19
First 150 of 398 actions detected
| 0:09 | Create | Villager (Male) |
| 0:10 | Create | Villager (Male) |
| 0:10 | Create | Villager (Male) |
| 0:26 | Build | House |
| 1:16 | Create | Villager (Male) |
| 1:53 | Build | Mill |
| 2:06 | Build | Lumber Camp |
| 2:13 | Create | Villager (Male) |
| 2:37 | Create | Villager (Male) |
| 3:03 | Research | Feudal Age |
| 3:39 | Build | Mining Camp |
| 4:11 | Build | House |
| 5:21 | Research | Double-Bit Axe |
| 5:55 | Build | Market |
| 6:05 | Create | Villager (Male) |
| 6:05 | Create | Villager (Male) |
| 6:46 | Create | Villager (Male) |
| 7:21 | Create | Villager (Male) |
| 7:45 | Create | Villager (Male) |
| 8:08 | Build | Blacksmith |
| 8:12 | Research | Loom |
| 8:41 | Create | Villager (Male) |
| 9:11 | Create | Villager (Male) |
| 9:33 | Create | Villager (Male) |
| 9:58 | Research | Castle Age |
| 10:55 | Build | House |
| 11:52 | Build | Farm |
| 11:52 | Build | Farm |
| 11:52 | Build | Farm |
| 11:52 | Build | Farm |
| 11:52 | Build | Farm |
| 11:56 | Build | Farm |
| 11:56 | Build | Farm |
| 11:56 | Build | Farm |
| 11:56 | Build | Farm |
| 11:56 | Build | Farm |
| 11:56 | Build | Farm |
| 11:56 | Build | Farm |
| 11:56 | Build | Farm |
| 11:56 | Build | Farm |
| 11:56 | Build | Farm |
| 11:56 | Build | Farm |
| 11:58 | Build | Farm |
| 11:59 | Build | Farm |
| 11:59 | Build | Farm |
| 11:59 | Build | Farm |
| 11:59 | Build | Farm |
| 11:59 | Build | Farm |
| 11:59 | Build | Farm |
| 11:59 | Build | Farm |
| 11:59 | Build | Farm |
| 11:59 | Build | Farm |
| 11:59 | Build | Farm |
| 11:59 | Build | Farm |
| 11:59 | Build | Farm |
| 11:59 | Build | Farm |
| 11:59 | Build | Farm |
| 11:59 | Build | Farm |
| 11:59 | Build | Farm |
| 12:00 | Build | Farm |
| 12:00 | Build | Farm |
| 12:00 | Build | Farm |
| 12:00 | Build | Farm |
| 12:00 | Build | Farm |
| 12:00 | Build | Farm |
| 12:01 | Build | Farm |
| 12:01 | Build | Farm |
| 12:01 | Build | Farm |
| 12:01 | Build | Farm |
| 12:01 | Build | Farm |
| 12:01 | Build | Farm |
| 12:01 | Build | Farm |
| 12:01 | Build | Farm |
| 12:01 | Build | Farm |
| 12:01 | Build | Farm |
| 12:01 | Build | Farm |
| 12:01 | Build | Farm |
| 12:02 | Build | Farm |
| 12:02 | Build | Farm |
| 12:02 | Build | Farm |
| 12:02 | Build | Farm |
| 12:02 | Build | Farm |
| 12:02 | Build | Farm |
| 12:02 | Build | Farm |
| 12:02 | Build | Farm |
| 12:02 | Build | Farm |
| 12:02 | Build | Farm |
| 12:12 | Research | Wheelbarrow |
| 13:03 | Research | Bow Saw |
| 13:50 | Create | Villager (Male) |
| 14:09 | Build | Town Center |
| 14:40 | Research | Horse Collar |
| 14:45 | Create | Villager (Male) |
| 14:53 | Create | Villager (Male) |
| 14:54 | Create | Villager (Male) |
| 15:30 | Create | Villager (Male) |
| 16:00 | Build | Farm |
| 16:10 | Create | Villager (Male) |
| 16:11 | Create | Villager (Male) |
| 16:18 | Create | Villager (Male) |
| 16:18 | Create | Villager (Male) |
| 16:25 | Build | Farm |
| 16:46 | Build | Town Center |
| 17:02 | Create | Villager (Male) |
| 17:02 | Create | Villager (Male) |
| 17:07 | Create | Villager (Male) |
| 17:27 | Create | Villager (Male) |
| 17:27 | Build | Farm |
| 17:34 | Create | Villager (Male) |
| 17:40 | Research | Heavy Plow |
| 17:52 | Build | House |
| 18:02 | Build | House |
| 18:07 | Build | House |
| 18:30 | Create | Villager (Male) |
| 18:30 | Build | Farm |
| 18:31 | Build | Farm |
| 18:31 | Build | Farm |
| 18:31 | Build | Farm |
| 18:31 | Build | Farm |
| 18:35 | Create | Villager (Male) |
| 18:35 | Create | Villager (Male) |
| 18:45 | Build | Farm |
| 18:46 | Build | Farm |
| 18:53 | Create | Villager (Male) |
| 18:53 | Create | Villager (Male) |
| 19:15 | Build | Farm |
| 19:19 | Create | Villager (Male) |
| 19:31 | Create | Villager (Male) |
| 19:35 | Build | Farm |
| 19:43 | Build | Farm |
| 19:45 | Build | Farm |
| 20:13 | Build | Town Center |
| 20:23 | Create | Villager (Male) |
| 20:23 | Create | Villager (Male) |
| 20:29 | Create | Villager (Male) |
| 20:30 | Create | Villager (Male) |
| 20:35 | Create | Villager (Male) |
| 20:35 | Create | Villager (Male) |
| 21:05 | Create | Villager (Male) |
| 21:11 | Create | Villager (Male) |
| 21:12 | Create | Villager (Male) |
| 21:17 | Create | Villager (Male) |
| 21:17 | Create | Villager (Male) |
| 21:31 | Build | House |
| 21:38 | Build | House |
| 21:41 | Build | House |
| 21:45 | Build | Farm |
| 21:45 | Build | House |
| 21:50 | Build | Farm |
| 21:52 | Create | Villager (Male) |
Build order — ridik_hunter
First 150 of 438 actions detected
| 0:01 | Create | Villager (Male) |
| 0:01 | Create | Villager (Male) |
| 0:01 | Create | Villager (Male) |
| 0:02 | Create | Villager (Male) |
| 0:19 | Research | Loom |
| 0:38 | Build | House |
| 0:59 | Create | Villager (Male) |
| 1:00 | Create | Villager (Male) |
| 1:00 | Create | Villager (Male) |
| 1:17 | Build | Mining Camp |
| 1:28 | Build | House |
| 1:37 | Create | Villager (Male) |
| 1:38 | Create | Villager (Male) |
| 2:20 | Build | Lumber Camp |
| 2:48 | Create | Villager (Male) |
| 3:02 | Build | Mill |
| 3:11 | Create | Villager (Male) |
| 3:11 | Create | Villager (Male) |
| 3:54 | Create | Villager (Male) |
| 4:01 | Create | Villager (Male) |
| 4:22 | Create | Villager (Male) |
| 4:55 | Create | Villager (Male) |
| 5:16 | Build | Farm |
| 5:20 | Build | Farm |
| 5:22 | Build | Farm |
| 5:24 | Build | Farm |
| 5:35 | Research | Feudal Age |
| 5:49 | Build | Lumber Camp |
| 6:02 | Build | Farm |
| 6:08 | Build | Farm |
| 6:15 | Build | Farm |
| 6:21 | Build | Farm |
| 6:27 | Build | Farm |
| 6:35 | Build | Farm |
| 6:42 | Build | Farm |
| 7:29 | Build | House |
| 7:33 | Build | House |
| 8:08 | Build | Market |
| 8:15 | Create | Villager (Male) |
| 8:15 | Create | Villager (Male) |
| 8:15 | Create | Villager (Male) |
| 8:18 | Research | Double-Bit Axe |
| 8:30 | Build | House |
| 8:35 | Create | Villager (Male) |
| 9:03 | Build | Blacksmith |
| 9:24 | Create | Villager (Male) |
| 9:46 | Build | Lumber Camp |
| 10:04 | Research | Castle Age |
| 10:13 | Research | Horse Collar |
| 10:49 | Research | Stone Mining |
| 11:44 | Create | Trade Cart |
| 11:51 | Create | Trade Cart |
| 12:46 | Research | Bow Saw |
| 12:46 | Research | Bow Saw |
| 12:55 | Build | Town Center |
| 13:08 | Create | Villager (Male) |
| 13:08 | Create | Villager (Male) |
| 13:08 | Create | Villager (Male) |
| 13:09 | Create | Villager (Male) |
| 13:22 | Research | Heavy Plow |
| 14:01 | Create | Villager (Male) |
| 14:02 | Create | Villager (Male) |
| 14:02 | Create | Villager (Male) |
| 14:02 | Create | Villager (Male) |
| 14:28 | Create | Villager (Male) |
| 14:44 | Build | Town Center |
| 14:56 | Create | Villager (Male) |
| 14:57 | Create | Villager (Male) |
| 14:57 | Create | Villager (Male) |
| 14:58 | Create | Villager (Male) |
| 14:58 | Create | Villager (Male) |
| 14:58 | Create | Villager (Male) |
| 15:21 | Build | Farm |
| 15:35 | Create | Villager (Male) |
| 15:35 | Create | Villager (Male) |
| 15:36 | Create | Villager (Male) |
| 15:36 | Create | Villager (Male) |
| 15:36 | Create | Villager (Male) |
| 15:37 | Create | Villager (Male) |
| 15:50 | Build | Farm |
| 15:55 | Create | Villager (Male) |
| 15:55 | Create | Villager (Male) |
| 15:55 | Create | Villager (Male) |
| 15:56 | Create | Villager (Male) |
| 16:26 | Research | Wheelbarrow |
| 16:39 | Build | Farm |
| 16:46 | Build | Farm |
| 16:55 | Build | Farm |
| 16:59 | Build | Farm |
| 17:06 | Create | Villager (Male) |
| 17:06 | Create | Villager (Male) |
| 17:07 | Create | Villager (Male) |
| 17:07 | Create | Villager (Male) |
| 17:07 | Create | Villager (Male) |
| 17:35 | Build | Town Center |
| 17:48 | Build | House |
| 17:50 | Build | House |
| 17:52 | Build | House |
| 17:53 | Build | House |
| 18:00 | Build | House |
| 18:02 | Build | House |
| 18:22 | Create | Villager (Male) |
| 18:23 | Create | Villager (Male) |
| 18:23 | Create | Villager (Male) |
| 18:23 | Create | Villager (Male) |
| 18:24 | Create | Villager (Male) |
| 18:24 | Create | Villager (Male) |
| 18:24 | Create | Villager (Male) |
| 18:30 | Create | Villager (Male) |
| 18:31 | Create | Villager (Male) |
| 18:31 | Create | Villager (Male) |
| 18:32 | Create | Villager (Male) |
| 18:32 | Create | Villager (Male) |
| 18:45 | Build | Town Center |
| 18:57 | Create | Villager (Male) |
| 18:57 | Create | Villager (Male) |
| 18:58 | Create | Villager (Male) |
| 18:58 | Create | Villager (Male) |
| 19:09 | Create | Villager (Male) |
| 19:09 | Create | Villager (Male) |
| 19:09 | Create | Villager (Male) |
| 19:32 | Research | Hand Cart |
| 19:32 | Research | Hand Cart |
| 19:43 | Build | House |
| 19:43 | Build | House |
| 19:43 | Build | House |
| 19:44 | Build | House |
| 19:44 | Build | House |
| 19:45 | Build | House |
| 19:47 | Build | House |
| 20:02 | Build | House |
| 20:03 | Build | House |
| 20:04 | Build | House |
| 20:07 | Build | House |
| 20:14 | Build | House |
| 20:14 | Build | House |
| 20:14 | Build | House |
| 20:15 | Build | House |
| 20:18 | Build | House |
| 20:18 | Build | House |
| 20:19 | Build | House |
| 20:19 | Build | House |
| 20:19 | Build | House |
| 20:19 | Build | House |
| 20:20 | Build | House |
| 20:20 | Build | House |
| 20:20 | Build | House |
| 20:20 | Build | House |
| 20:21 | Build | House |
| 20:21 | Build | House |
Build order — ndanp18
First 150 of 167 actions detected
| 0:46 | Create | Villager (Male) |
| 0:47 | Create | Villager (Male) |
| 0:47 | Create | Villager (Male) |
| 0:47 | Create | Villager (Male) |
| 0:48 | Create | Villager (Male) |
| 0:48 | Create | Villager (Male) |
| 0:48 | Create | Villager (Male) |
| 0:49 | Create | Villager (Male) |
| 0:49 | Create | Villager (Male) |
| 0:49 | Create | Villager (Male) |
| 0:50 | Create | Villager (Male) |
| 0:50 | Create | Villager (Male) |
| 2:16 | Build | Lumber Camp |
| 2:46 | Create | Villager (Male) |
| 2:46 | Create | Villager (Male) |
| 2:47 | Create | Villager (Male) |
| 3:02 | Build | Mill |
| 3:42 | Research | Feudal Age |
| 3:46 | Create | Villager (Male) |
| 3:47 | Create | Villager (Male) |
| 3:47 | Create | Villager (Male) |
| 3:47 | Create | Villager (Male) |
| 3:48 | Create | Villager (Male) |
| 4:28 | Build | House |
| 4:30 | Build | House |
| 4:38 | Build | House |
| 4:40 | Build | House |
| 6:34 | Build | Mining Camp |
| 6:54 | Build | Market |
| 8:32 | Build | Blacksmith |
| 9:08 | Build | House |
| 9:10 | Build | House |
| 9:49 | Research | Castle Age |
| 10:04 | Build | House |
| 10:41 | Build | House |
| 10:46 | Build | House |
| 11:18 | Create | Villager (Male) |
| 11:18 | Create | Villager (Male) |
| 11:19 | Create | Villager (Male) |
| 11:19 | Create | Villager (Male) |
| 11:19 | Create | Villager (Male) |
| 11:20 | Create | Villager (Male) |
| 13:02 | Build | Farm |
| 13:47 | Create | Villager (Male) |
| 13:47 | Create | Villager (Male) |
| 13:48 | Create | Villager (Male) |
| 13:48 | Create | Villager (Male) |
| 13:48 | Create | Villager (Male) |
| 13:48 | Create | Villager (Male) |
| 13:49 | Create | Villager (Male) |
| 13:49 | Create | Villager (Male) |
| 13:49 | Create | Villager (Male) |
| 13:50 | Create | Villager (Male) |
| 13:50 | Create | Villager (Male) |
| 13:50 | Create | Villager (Male) |
| 13:51 | Create | Villager (Male) |
| 13:51 | Create | Villager (Male) |
| 13:51 | Create | Villager (Male) |
| 13:52 | Create | Villager (Male) |
| 14:06 | Build | Farm |
| 14:06 | Build | Farm |
| 14:07 | Build | Farm |
| 14:08 | Build | Farm |
| 14:08 | Build | Farm |
| 14:09 | Build | Farm |
| 14:09 | Build | Farm |
| 14:32 | Build | Farm |
| 16:08 | Build | Town Center |
| 16:36 | Create | Trade Cart |
| 16:57 | Build | Farm |
| 17:42 | Research | Double-Bit Axe |
| 17:51 | Create | Villager (Male) |
| 17:53 | Create | Villager (Male) |
| 17:53 | Create | Villager (Male) |
| 17:53 | Create | Villager (Male) |
| 17:54 | Create | Villager (Male) |
| 17:54 | Create | Villager (Male) |
| 17:54 | Create | Villager (Male) |
| 17:55 | Create | Villager (Male) |
| 17:55 | Create | Villager (Male) |
| 17:55 | Create | Villager (Male) |
| 17:56 | Create | Villager (Male) |
| 18:43 | Build | Monastery |
| 18:51 | Build | Krepost |
| 19:21 | Create | Villager (Male) |
| 19:21 | Create | Villager (Male) |
| 19:21 | Create | Villager (Male) |
| 19:21 | Create | Villager (Male) |
| 19:22 | Create | Villager (Male) |
| 19:29 | Create | Villager (Male) |
| 19:29 | Create | Villager (Male) |
| 19:29 | Create | Villager (Male) |
| 19:30 | Create | Villager (Male) |
| 19:30 | Create | Villager (Male) |
| 19:46 | Create | Monk |
| 19:57 | Build | Farm |
| 19:58 | Build | Farm |
| 19:58 | Build | Farm |
| 19:59 | Build | Farm |
| 20:00 | Build | Farm |
| 20:54 | Build | House |
| 21:05 | Build | Barracks |
| 21:44 | Build | Farm |
| 24:12 | Research | Gold Mining |
| 24:12 | Research | Stone Mining |
| 24:19 | Research | Bow Saw |
| 24:31 | Build | Archery Range |
| 24:40 | Build | Stable |
| 24:50 | Create | Villager (Male) |
| 24:51 | Create | Villager (Male) |
| 24:51 | Create | Villager (Male) |
| 24:51 | Create | Villager (Male) |
| 24:52 | Create | Villager (Male) |
| 24:52 | Create | Villager (Male) |
| 24:52 | Create | Villager (Male) |
| 24:53 | Create | Villager (Male) |
| 24:53 | Create | Villager (Male) |
| 24:53 | Create | Villager (Male) |
| 24:53 | Create | Villager (Male) |
| 24:54 | Create | Villager (Male) |
| 24:54 | Create | Villager (Male) |
| 24:54 | Create | Villager (Male) |
| 25:44 | Build | House |
| 25:46 | Build | House |
| 25:47 | Build | House |
| 25:49 | Build | House |
| 25:51 | Build | House |
| 26:25 | Build | Farm |
| 26:25 | Build | Farm |
| 26:26 | Build | Farm |
| 26:26 | Build | Farm |
| 26:40 | Build | Castle |
| 26:56 | Build | Town Center |
| 29:53 | Build | House |
| 29:57 | Build | House |
| 29:59 | Build | House |
| 30:00 | Build | House |
| 30:02 | Build | House |
| 30:04 | Build | House |
| 30:05 | Build | House |
| 30:30 | Build | House |
| 30:31 | Build | House |
| 30:33 | Build | House |
| 30:35 | Build | House |
| 30:38 | Build | House |
| 30:50 | Research | Caravan |
| 30:50 | Create | Trade Cart |
| 30:51 | Create | Trade Cart |
| 30:51 | Create | Trade Cart |
| 30:51 | Create | Trade Cart |
Build order — EmFnBoomeh
103 actions detected in the replay
| 0:13 | Build | Mill |
| 0:42 | Build | House |
| 0:43 | Build | House |
| 0:45 | Build | House |
| 0:47 | Build | House |
| 1:03 | Build | Lumber Camp |
| 1:13 | Research | Loom |
| 1:15 | Create | Villager (Male) ×5 |
| 1:17 | Create | Villager (Male) ×5 |
| 5:11 | Research | Feudal Age |
| 5:39 | Create | Villager (Male) |
| 6:02 | Build | House |
| 6:04 | Build | House |
| 6:07 | Build | House |
| 6:08 | Build | House |
| 6:10 | Build | House |
| 6:12 | Build | House |
| 6:13 | Build | House |
| 6:22 | Build | House |
| 6:24 | Build | House |
| 6:26 | Build | House |
| 7:11 | Create | Villager (Male) ×5 |
| 8:25 | Research | Horse Collar |
| 8:32 | Research | Double-Bit Axe |
| 9:52 | Build | Farm |
| 9:53 | Build | Farm |
| 9:57 | Build | Farm |
| 9:58 | Build | Farm |
| 10:00 | Build | Farm |
| 10:06 | Build | Farm |
| 10:07 | Build | Farm |
| 10:39 | Build | Mining Camp |
| 10:48 | Create | Villager (Male) ×5 |
| 11:45 | Build | Farm |
| 11:48 | Build | Farm |
| 11:50 | Build | Farm |
| 11:51 | Build | Farm |
| 11:56 | Build | Mill |
| 12:15 | Build | Farm |
| 12:17 | Build | Farm |
| 12:26 | Research | Town Watch |
| 12:27 | Research | Wheelbarrow |
| 12:43 | Build | Lumber Camp |
| 13:33 | Build | Market |
| 13:35 | Build | Market |
| 13:51 | Create | Villager (Male) ×5 |
| 13:53 | Create | Villager (Male) ×3 |
| 14:28 | Build | Blacksmith |
| 14:48 | Create | Villager (Male) ×5 |
| 15:51 | Build | Farm |
| 17:01 | Build | Farm |
| 17:03 | Build | Farm |
| 17:05 | Build | Farm |
| 17:16 | Build | Farm |
| 17:18 | Build | Farm |
| 17:31 | Research | Castle Age |
| 18:20 | Build | Farm |
| 19:06 | Research | Forging |
| 19:08 | Research | Padded Archer Armor |
| 19:11 | Research | Scale Barding Armor |
| 19:12 | Research | Scale Mail Armor |
| 19:13 | Research | Fletching |
| 20:31 | Build | Mining Camp |
| 20:40 | Research | Gold Mining |
| 20:41 | Research | Stone Mining |
| 21:02 | Build | House |
| 21:04 | Build | House |
| 21:06 | Build | House |
| 21:08 | Build | House |
| 21:10 | Build | House |
| 21:12 | Build | House |
| 21:13 | Build | House |
| 21:16 | Build | House |
| 21:21 | Build | House |
| 21:25 | Build | House |
| 22:45 | Build | Town Center |
| 22:57 | Research | Bow Saw |
| 23:00 | Research | Heavy Plow |
| 23:10 | Research | Caravan |
| 23:21 | Create | Trade Cart ×5 |
| 23:24 | Create | Trade Cart ×4 |
| 23:58 | Build | Farm |
| 24:07 | Create | Villager (Male) ×5 |
| 24:08 | Create | Villager (Male) ×5 |
| 24:09 | Create | Villager (Male) ×5 |
| 24:56 | Create | Villager (Male) ×5 |
| 24:57 | Create | Villager (Male) ×5 |
| 24:57 | Create | Villager (Male) ×5 |
| 25:06 | Build | Farm |
| 25:37 | Research | Stone Shaft Mining |
| 25:38 | Research | Gold Shaft Mining |
| 26:37 | Research | Hand Cart |
| 26:40 | Research | Town Patrol |
| 26:52 | Create | Villager (Male) ×5 |
| 26:53 | Create | Villager (Male) ×5 |
| 27:30 | Build | Castle |
| 27:46 | Build | Town Center |
| 28:20 | Research | Iron Casting |
| 28:21 | Research | Chain Mail Armor |
| 28:21 | Research | Chain Barding Armor |
| 28:25 | Research | Leather Archer Armor |
| 28:26 | Research | Bodkin Arrow |
| 29:17 | Build | Mining Camp |
Match timeline
| 9:56 | ridik_hunter · first_market_sell 100 stone |
| 12:18 | AwW_yA_mE_AgAiN · first_building Barracks |
| 14:08 | AwW_yA_mE_AgAiN · first_building Archery Range |
| 15:31 | AwW_yA_mE_AgAiN · first_building Stable |
| 17:24 | AwW_yA_mE_AgAiN · first_building Monastery |
| 18:43 | ndanp18 · first_building Monastery |
| 18:51 | ndanp18 · first_building Krepost |
| 20:02 | Crazykaka19 · first_market_buy 100 wood |
| 21:05 | ndanp18 · first_building Barracks |
| 22:45 | AwW_yA_mE_AgAiN · first_building Siege Workshop |
| 23:55 | IsaacNewton · wall_segment Palisade Wall x1 |
| 23:56 | IsaacNewton · wall_segment Palisade Wall x1 |
| 24:31 | ndanp18 · first_building Archery Range |
| 24:40 | ndanp18 · first_building Stable |
| 25:23 | ridik_hunter · first_building Barracks |
| 26:40 | ndanp18 · first_building Castle |
| 27:07 | IsaacNewton · resign |
| 27:30 | EmFnBoomeh · first_building Castle |
| 30:27 | ridik_hunter · first_building Castle |
| 30:49 | ridik_hunter · first_building Stable |
| 31:10 | Crazykaka19 · first_building Castle |
| 31:44 | ridik_hunter · first_building Siege Workshop |
| 32:11 | ndanp18 · wall_segment Stone Wall x8 |
| 32:15 | ndanp18 · wall_segment Stone Wall x7 |
[ AI ANALYSIS · 1 CREDIT ]
What really happened in this match?
Wolo.gg analyzes every decision: build order, eco, micro, common mistakes by bracket. Personalized analysis on WhatsApp or Discord in 30 seconds.
Civ guide
Khmer
Map guide
Michi
Perfil
Jugador #4124521